 Dungeon Crawl Stone Soup version 0.21.1-1-g345015f (webtiles) character file.

409 nightchill the Slinger (level 7, -2/47 HPs)
             Began as a Halfling Hunter on June 30, 2018.
             Slain by sking99's ghost (19 damage)
             ... on level 4 of the Dungeon.
             The game lasted 00:14:24 (2699 turns).

nightchill the Slinger (Halfling Hunter)            Turns: 2699, Time: 00:14:25

Health: -2/47      AC: 18    Str: 18    XL:     7   Next: 13%
Magic:  7/7        EV:  3    Int: 13    God:
Gold:   155        SH:  0    Dex: 11    Spells: 6/6 levels left

rFire    . . .     SeeInvis .   a - +1 hunting sling
rCold    . . .     Gourm    .   (shield restricted)
rNeg     . . .     Faith    .   r - +0 crystal plate armour
rPois    .         Spirit   .   u - +2 helmet of Kongops {Str+4 Int+4 Dex-5 Stlth+}
rElec    .         Reflect  .   (no cloak)
rCorr    .         Harm     .   z - +0 pair of gloves
MR       .....                  (no boots)
Stlth    ..........             (no amulet)
HPRegen  0.15/turn              (no ring)
MPRegen  0.10/turn              (no ring)

@: no status effects
A: small, mutation resistance 1
a: no special abilities


You were on level 4 of the Dungeon.
You were not hungry.

You visited 1 branch of the dungeon, and saw 4 of its levels.

You collected 155 gold pieces.

Inventory:

Hand Weapons
 a - a +1 hunting sling (weapon)
 b - a +2 dagger of draining
 p - a +0 short sword
 v - a +0 short sword
Missiles
 i - 113 stones (quivered)
 t - 8 tomahawks of returning
Armour
 c - a +0 leather armour
 m - a +0 plate armour
 r - a +0 crystal plate armour (worn)
 u - the +2 helmet of Kongops (worn) {Str+4 Int+4 Dex-5 Stlth+}
   (You took it off Robin on level 2 of the Dungeon)

   It affects your strength (+4).
   It affects your intelligence (+4).
   It affects your dexterity (-5).
   It makes you more stealthy.
 z - a +0 pair of gloves (worn)
 A - a +0 shield
Jewellery
 e - an uncursed ring of ice {unknown}
 j - a +2 ring of protection {unknown}
 y - a cursed -2 ring of slaying {unknown}
 H - an uncursed ring of fire {unknown}
Wands
 q - a wand of polymorph (13)
Scrolls
 g - a scroll of fear {unknown}
 h - 2 scrolls of enchant weapon {unknown}
 k - a scroll of magic mapping {unknown}
 l - a scroll of enchant armour {unknown}
 n - 6 scrolls of identify {unknown}
 x - 2 scrolls of immolation {unknown}
 C - a scroll of random uselessness {unknown}
Potions
 o - a potion of cancellation {unknown}
 s - a potion of magic {unknown}
 w - a potion of degeneration {unknown}
 B - a potion of might {unknown}
 D - a potion of mutation {unknown}
 E - a potion of invisibility {unknown}
 F - a potion of curing
Comestibles
 f - 8 rations


   Skills:
 + Level 3.9 Fighting
 * Level 9.9 Slings
 - Level 2.1 Dodging
 - Level 1.1 Stealth


You had 6 spell levels left.
You didn't know any spells.

Dungeon Overview and Level Annotations

Branches:
Dungeon (4/15)
 Temple: D:4-7

Altars:
Gozag
Ru
Sif Muna
Vehumet
Xom
Yredelemnul

Annotations:
D:4 sking99's ghost, amateur DrFE


Innate Abilities, Weirdness & Mutations

You are small and have problems with some larger weapons.
You are somewhat resistant to further mutation.


Message History

Firing (i - inventory. (,) - cycle):
d - 2 sling bullets (quivered)
Press: ? - help, Shift-Dir - straight line, f - sking99's ghost
Aim: sking99's ghost, wielding a weapon of electrocution (lightly damaged)
You shoot a sling bullet. The sling bullet hits sking99's ghost!
Sking99's ghost is moderately damaged.
Sking99's ghost hits you.
Firing (i - inventory. (,) - cycle):
d - a sling bullet (quivered)
Press: ? - help, Shift-Dir - straight line, f/p - sking99's ghost
Aim: sking99's ghost, wielding a weapon of electrocution (moderately damaged)
You shoot a sling bullet. The sling bullet hits sking99's ghost.
Sking99's ghost is heavily damaged.
Unknown command.
Firing (i - inventory. (,) - cycle):
i - 114 stones (quivered)
Press: ? - help, Shift-Dir - straight line, f/p - sking99's ghost
Aim: sking99's ghost, wielding a weapon of electrocution (heavily damaged)
You shoot a stone.
The stone closely misses sking99's ghost.
Sking99's ghost hits you but does no damage.
You are electrocuted!
You die...

### # #..
.. #(#
#(#.$
#)#......
#@W((.(#
#.####.#
#.# #%#
#.# #.#
..# ...


You could see sking99's ghost.

Vanquished Creatures
  Sigmund (D:2)
  A hound (D:4)
  Jessica (D:2)
  An orc wizard (D:3)
  Robin (D:2)
  A gnoll (D:1)
  4 adders
  4 oozes
  An adder zombie (D:2)
  A dart slug (D:1)
  3 worms
  A leopard gecko (D:1)
  12 orcs
  3 giant cockroaches
  12 goblins
  8 hobgoblins
  2 quokkas (D:2)
  A ball python (D:3)
  5 bats
  6 frilled lizards
  7 kobolds
  A leopard gecko skeleton (D:2)
  8 rats
85 creatures vanquished.

Vanquished Creatures (others)
  4 plants (D:3)
4 creatures vanquished.

Grand Total: 89 creatures vanquished

Notes
Turn   | Place    | Note
-------+----------+-------------------------------------------
     0 | D:1      | nightchill the Halfling Hunter began the quest for the Orb.
     0 | D:1      | Reached XP level 1. HP: 14/14 MP: 1/1
    51 | D:1      | Reached skill level 6 in Slings
   158 | D:1      | Reached XP level 2. HP: 19/19 MP: 2/2
   568 | D:1      | Reached XP level 3. HP: 24/24 MP: 3/3
   907 | D:2      | Noticed Jessica
   914 | D:1      | Reached skill level 7 in Slings
   947 | D:2      | Killed Jessica
   947 | D:2      | Reached XP level 4. HP: 30/30 MP: 4/4
  1066 | D:2      | Noticed Robin
  1088 | D:2      | Killed Robin
  1088 | D:2      | Reached XP level 5. HP: 36/36 MP: 5/5
  1120 | D:2      | Got a jewelled helmet
  1172 | D:2      | Identified the +2 helmet of Kongops {Str+4 Int+4 Dex-5 Stlth+} (You took it off Robin on level 2 of the Dungeon)
  1196 | D:2      | Noticed Sigmund
  1251 | D:2      | Killed Sigmund
  1251 | D:2      | Reached skill level 9 in Slings
  1251 | D:2      | Reached XP level 6. HP: 33/42 MP: 6/6
  1436 | D:2      | Found a sacrificial altar of Ru.
  1585 | D:2      | Found a basalt altar of Yredelemnul.
  1813 | D:3      | Found a snail-covered altar of Cheibriados.
  1815 | D:3      | Found a deep blue altar of Sif Muna.
  1815 | D:3      | Found a glowing silver altar of Zin.
  1824 | D:3      | Found a shimmering altar of Xom.
  1824 | D:3      | Found an opulent altar of Gozag.
  1824 | D:3      | Found a radiant altar of Vehumet.
  2138 | D:3      | Found a faded altar of an unknown god.
  2317 | D:3      | Reached XP level 7. HP: 45/47 MP: 7/7
  2685 | D:4      | Noticed sking99's ghost (amateur DrFE)
  2699 | D:4      | Slain by sking99's ghost

Skill      XL: |  1  2  3  4  5 |
---------------+----------------+-----
Slings         | 6 7 9 |  9.9
Fighting       | 2 3 |  3.9
Dodging        | |  2.1
Stealth        | |  1.1

Action                   |  1- 3 |  4- 6 |  7- 9 || total
-------------------------+-------+-------+-------++-------
Melee: Dagger            |       |    23 |       ||    23
 Fire: Hunting sling     |    71 |   162 |    24 ||   257
Evoke: Wand              |       |     1 |       ||     1
  Eat: Chunk             |       |     4 |     1 ||     5
Armor: Leather armour    |     3 |       |       ||     3
       Plate armour      |    10 |     1 |       ||    11
       Crystal plate arm |       |    57 |    11 ||    68
Dodge: Dodged            |    19 |     7 |     3 ||    29
